Drummondville Voltigeurs vs Chicago Wolves

Created - 12 janvier 2024 at 16:34

Goals
1 2 3 OT1 SO T
Drummondville Voltigeurs 0 4 2 0 1 6
Chicago Wolves 2 2 2 0 2 7
Shots
1 2 3 OT1 SO T
Drummondville Voltigeurs 8 12 12 4 3 36
Chicago Wolves 9 16 12 0 3 37

GoalsPenalties
1st period
1. Chicago Wolves , Nils Hoglander 20 (Vasily Podkolzin 35, Tyson Foerster 32) at 0:54
2. Chicago Wolves , C.J. Smith 16 (Vitali Kravtsov 11, Lukas Rousek 38) at 2:04
Markus Niemelainen (VOL) for Tripping (Minor) at 8:23
2nd period
3. Drummondville Voltigeurs , Jake Neighbours 27 (Kevin Rooney 29) at 0:44
4. Drummondville Voltigeurs , Julien Gauthier 20 (Boris Katchouk 50, Jean-Sebastien Dea 58) at 0:56
5. Drummondville Voltigeurs , Jake Neighbours 28 (Martin Chromiak 22) at 4:18
6. Chicago Wolves , Mitchell Stephens 26 (Valtteri Puustinen 46, Buddy Robinson 18) at 9:16 (PP)
7. Chicago Wolves , Valtteri Puustinen 19 (Mitchell Stephens 34) at 10:12
8. Drummondville Voltigeurs , Kristian Reichel 10 (Simon Holmstrom 16, Michal Teply 13) at 13:46
Pierre-Olivier Joseph (VOL) for Holding (Minor) at 5:11
Kristian Reichel (VOL) for Hooking (Minor) at 9:02
Jake Neighbours (VOL) for Holding (Minor) at 16:22
3rd period
9. Drummondville Voltigeurs , Simon Holmstrom 12 (Ville Heinola 20, Michal Teply 14) at 7:29
10. Chicago Wolves , Vasily Podkolzin 32 (Tyson Foerster 33, Jakub Galvas 12) at 12:56
11. Drummondville Voltigeurs , Gage Goncalves 16 (Pierre-Olivier Joseph 38, Markus Niemelainen 23) at 13:56 (SH)
12. Chicago Wolves , Jordan Harris 4 (Tyson Foerster 34, Nils Hoglander 15) at 19:12
Pierre-Olivier Joseph (VOL) for Hooking (Minor) at 0:18
Jean-Sebastien Dea (VOL) for Roughing (Minor) at 13:10
Overtime #1
No Goal
Shootout
Drummondville Voltigeurs, Boris Katchouk - Goal!
Chicago Wolves, Nils Hoglander - Stopped by Arturs Silovs
Drummondville Voltigeurs, Julien Gauthier - Stopped by Daniel Vladar
Chicago Wolves, Vasily Podkolzin - Goal!
Drummondville Voltigeurs, Jake Neighbours - Shot Misses the Net
Chicago Wolves, Tyson Foerster - Goal!
Goalie Stats
Arturs Silovs (VOL), 31 saves from 37 shots - (0,838), OTL, 7-3-2, 65:00 minutes
Daniel Vladar (WOL), 30 saves from 36 shots - (0,833), W, 16-8-2, 64:56 minutes
3 StarsOfficial
1 - Tyson Foerster (WOL)
2 - Jake Neighbours (VOL)
3 - Vasily Podkolzin (WOL)
Referees : Sean MacFarlane and Ghislain Hebert
Linesman : Ken Bonham and Kelsey Mahoney
Game Note
No Game Note
Finance
Level 1 -- Attendance: 2000 (100,00%) -- Ticket Income $50,000
Level 2 -- Attendance: 975 (97,50%) -- Ticket Income $9,750
Total Attendance: 2975 (99,17%)
Total Ticket Income: $59,750
Other Income: $29,278
Total Income: $89,028



Team Name Goals Shots Shots Attemp Shots Blocked PIM HIT PP PK FO%
Drummondville Voltigeurs 636671012210 / 0 (0,00%147%
Chicago Wolves 7376160231 / 6 (17%)053%

Drummondville Voltigeurs
Player Name POS G A P +/- PIM HIT SHT SB MP PP MP PP SHT PK MP PK SHT FO% FOT GA TA
Boris KatchoukLW0110012023:470:0005:3200% 200
Brady LyleD0001000017:280:0002:3300% 002
Gage GoncalvesC101-1011114:580:0001:34140% 510
Jake NeighboursLW2021244018:030:0003:0700% 121
Jean-Sebastien DeaC0110223022:440:0004:10055% 3301
Julien GauthierRW1010005015:360:0000:00050% 200
Kevin RooneyC/LW0110033019:590:0004:58036% 1112
Kristian ReichelC101222208:140:0000:00067% 310
Markus NiemelainenD011-1221228:110:0003:5600% 003
Martin ChromiakRW0110001114:210:0000:0000% 100
Michal TeplyLW/RW022200208:150:0000:000100% 120
Mitchell ChaffeeRW000-2012011:580:0000:00050% 200
Pierre-Olivier JosephD011-1413327:030:0003:1900% 001
Sampo RantaLW/RW000-2021013:090:0000:5700% 100
Simon HolmstromRW112200508:150:0000:0000% 000
Simon NemecD0001000221:360:0004:5800% 010
Ville HeinolaD0111020121:590:0005:3100% 000
Xavier OuelletD0001001014:090:0000:0100% 000
Chicago Wolves
Player Name POS G A P +/- PIM HIT SHT SB MP PP MP PP SHT PK MP PK SHT FO% FOT GA TA
Buddy RobinsonRW0110024017:285:0300:000100% 100
C.J. SmithC/LW/RW1010011012:470:0000:00036% 1101
Cavan FitzgeraldD0000022223:034:4000:0000% 000
Dean StewartD0000011123:034:4000:0000% 002
Jackson CatesC/LW000-3002013:010:0000:00050% 1000
Jakub GalvasD011-1010016:410:0000:0000% 010
Jordan HarrisD1010013025:165:2900:0000% 012
Lawrence PilutD0000010125:165:2900:0000% 002
Lukas RousekLW/RW0110022112:470:0000:0000% 000
Mitchell StephensC1120036018:395:0310:00069% 1610
Nils HoglanderLW/RW1122005019:405:0100:00050% 230
Saku MaenalanenLW/RW000-3010013:460:0500:000100% 110
Santtu KinnunenD000-1011016:410:0000:0000% 000
Tyson FoersterC0332031019:595:0600:00056% 1601
Valtteri PuustinenLW/RW1120015018:395:0310:0000% 310
Vasily PodkolzinRW1122013017:295:0110:0000% 010
Vitali KravtsovLW/RW0110001012:470:0000:00050% 200
William LockwoodRW000-3020112:580:0500:0000% 010

Drummondville Voltigeurs

5 vs 5 Forward
Line #Left WingCenterRight WingPHYDFOFWanted %Time %Time Play
1Boris KatchoukJean-Sebastien DeaJulien Gauthier1224032%15:56
2Jake NeighboursKevin RooneyMartin Chromiak1223027%13:19
3Sampo RantaGage GoncalvesMitchell Chaffee1222024%11:58
4Michal TeplyKristian ReichelSimon Holmstrom1221017%8:15
5 vs 5 Defense
Line #DefenseDefensePHYDFOFWanted %Time %Time Play
1Pierre-Olivier JosephMarkus Niemelainen1223737%18:24
2Simon NemecVille Heinola1223029%14:34
3Brady LyleXavier Ouellet1222327%13:08
4Pierre-Olivier JosephMarkus Niemelainen122107%3:22
Power Play Forward
Line #Left WingCenterRight WingPHYDFOFWanted %Time %Time Play
1Boris KatchoukJean-Sebastien DeaJulien Gauthier122600%0:00
2Jake NeighboursKevin RooneyMartin Chromiak122400%0:00
Power Play Defense
Line #DefenseDefensePHYDFOFWanted %Time %Time Play
1Pierre-Olivier JosephMarkus Niemelainen122600%0:00
2Simon NemecVille Heinola122400%0:00
Penalty Kill 4 Players Forward
Line #CenterWingPHYDFOFWanted %Time %Time Play
1Jean-Sebastien DeaBoris Katchouk1226081%8:16
2Kevin RooneyJake Neighbours1224019%1:53
Penalty Kill 4 Players Defense
Line #DefenseDefensePHYDFOFWanted %Time %Time Play
1Pierre-Olivier JosephMarkus Niemelainen1226057%5:49
2Simon NemecVille Heinola1224043%4:20
Penalty Kill 3 Players
Line #WingPHYDFOFWanted %Time %Time PlayDefenseDefensePHYDFOFWanted %Time %Time Play
1Jean-Sebastien Dea122600%0:00 Pierre-Olivier JosephMarkus Niemelainen122600%0:00
2Kevin Rooney122400%0:00 Simon NemecVille Heinola122400%0:00
4 vs 4 Forward
Line #CenterWingPHYDFOFWanted %Time %Time Play
1Jean-Sebastien DeaBoris Katchouk1226086%4:18
2Kevin RooneyJake Neighbours1224014%0:42
4 vs 4 Defense
Line #DefensePHYDFOFWanted %Time %Time Play
1Pierre-Olivier JosephMarkus Niemelainen1226068%60% - 3:23
2Simon NemecVille Heinola1224032%40% - 1:37
Last Minutes Offensive
Left WingCenterRight WingDefenseDefense
Boris KatchoukJean-Sebastien DeaJulien GauthierPierre-Olivier JosephMarkus Niemelainen
Last Minutes Defensive
Left WingCenterRight WingDefenseDefense
Boris KatchoukJean-Sebastien DeaJulien GauthierPierre-Olivier JosephMarkus Niemelainen
Time
Total ForwardTotal DefenseLast Minutes OffensiveLast Minutes Defensive
65:00 65:00 0:000:23
Extra Forwards
Normal PowerPlayPenalty Kill
Kevin Rooney, Gage Goncalves, Martin ChromiakKevin Rooney, Gage GoncalvesKevin Rooney
Extra Defensemen
Normal PowerPlayPenalty Kill
Ville Heinola, Brady Lyle, Simon NemecVille Heinola, Ville HeinolaBrady Lyle
Penalty Shots
Boris Katchouk, Julien Gauthier, Jake Neighbours, Jean-Sebastien Dea, Kevin Rooney
Goalie
Arturs Silovs, Zachary Fucale
Scratches
Brandon Davidson (Healthy), Scott Perunovich (Healthy), Blade Jenkins (Healthy), Luke Henman (Healthy), Matt Bartkowski (Healthy) Adam Brubacher (Healthy), Xavier Bouchard (Healthy), Chaz Lucius (Healthy), Jaxson Stauber (Healthy), Brandon Bussi (Healthy)

Chicago Wolves

5 vs 5 Forward
Line #Left WingCenterRight WingPHYDFOFWanted %Time %Time Play
1Nils HoglanderTyson FoersterVasily Podkolzin0232525%12:13
2Valtteri PuustinenMitchell StephensBuddy Robinson0232524%11:43
3Saku MaenalanenJackson CatesWilliam Lockwood0232526%12:42
4Lukas RousekC.J. SmithVitali Kravtsov0232526%12:47
5 vs 5 Defense
Line #DefenseDefensePHYDFOFWanted %Time %Time Play
1Jordan HarrisLawrence Pilut0233434%16:41
2Dean StewartCavan Fitzgerald0233333%16:17
3Jakub GalvasSanttu Kinnunen0233333%16:11
4Jordan HarrisLawrence Pilut02301%0:16
Power Play Forward
Line #Left WingCenterRight WingPHYDFOFWanted %Time %Time Play
1Nils HoglanderTyson FoersterVasily Podkolzin0235050%5:06
2Valtteri PuustinenMitchell StephensBuddy Robinson0235050%5:03
Power Play Defense
Line #DefenseDefensePHYDFOFWanted %Time %Time Play
1Jordan HarrisLawrence Pilut0235054%5:29
2Dean StewartCavan Fitzgerald0235046%4:40
Penalty Kill 4 Players Forward
Line #CenterWingPHYDFOFWanted %Time %Time Play
1Tyson FoersterNils Hoglander023500%0:00
2Mitchell StephensValtteri Puustinen023500%0:00
Penalty Kill 4 Players Defense
Line #DefenseDefensePHYDFOFWanted %Time %Time Play
1Jordan HarrisLawrence Pilut023500%0:00
2Dean StewartCavan Fitzgerald023500%0:00
Penalty Kill 3 Players
Line #WingPHYDFOFWanted %Time %Time PlayDefenseDefensePHYDFOFWanted %Time %Time Play
1Tyson Foerster023500%0:00 Jordan HarrisLawrence Pilut023500%0:00
2Mitchell Stephens023500%0:00 Dean StewartCavan Fitzgerald023500%0:00
4 vs 4 Forward
Line #CenterWingPHYDFOFWanted %Time %Time Play
1Tyson FoersterNils Hoglander0235054%2:41
2Mitchell StephensValtteri Puustinen0235046%2:19
4 vs 4 Defense
Line #DefensePHYDFOFWanted %Time %Time Play
1Jordan HarrisLawrence Pilut0235051%50% - 2:32
2Dean StewartCavan Fitzgerald0235049%50% - 2:28
Last Minutes Offensive
Left WingCenterRight WingDefenseDefense
Nils HoglanderTyson FoersterVasily PodkolzinJordan HarrisLawrence Pilut
Last Minutes Defensive
Left WingCenterRight WingDefenseDefense
Nils HoglanderTyson FoersterVasily PodkolzinJordan HarrisLawrence Pilut
Time
Total ForwardTotal DefenseLast Minutes OffensiveLast Minutes Defensive
65:00 65:00 0:260:00
Extra Forwards
Normal PowerPlayPenalty Kill
Saku Maenalanen, Buddy Robinson, Mitchell StephensSaku Maenalanen, Buddy RobinsonSaku Maenalanen
Extra Defensemen
Normal PowerPlayPenalty Kill
Cavan Fitzgerald, Jakub Galvas, Santtu KinnunenCavan Fitzgerald, Cavan FitzgeraldJakub Galvas
Penalty Shots
Nils Hoglander, Vasily Podkolzin, Tyson Foerster, Valtteri Puustinen, Saku Maenalanen
Goalie
Daniel Vladar, Devin Cooley
Scratches
C.J. Suess (Healthy), Linus Hogberg (Healthy), Oskari Laaksonen (Healthy), Daniil Chayka (Healthy), Kyle Keyser (Healthy) Nico Daws (Healthy)


Play-by-Play

1st period


0:01 of 1st period - Jean-Sebastien Dea wins face-off versus Tyson Foerster in neutral zone.
0:08 of 1st period - Slapshot by Julien Gauthier.
0:08 of 1st period - Stopped by Daniel Vladar with a rebound.
0:26 of 1st period - Lawrence Pilut is hit by Markus Niemelainen.
0:54 of 1st period - Snap shot by Nils Hoglander.
0:54 of 1st period - Goal by Nils Hoglander - Drummondville Voltigeurs : 0 - Chicago Wolves : 1.
0:55 of 1st period - Kevin Rooney wins face-off versus Mitchell Stephens in neutral zone.
1:20 of 1st period - Simon Nemec is hit by C.J. Smith and loses puck.
1:47 of 1st period - Jake Neighbours is hit by Lukas Rousek and loses puck.
2:02 of 1st period - Backhand shot by Vitali Kravtsov.
2:02 of 1st period - Shot Blocked by Ville Heinola.
2:04 of 1st period - Wrist shot by C.J. Smith.
2:04 of 1st period - Goal by C.J. Smith - Drummondville Voltigeurs : 0 - Chicago Wolves : 2.
2:05 of 1st period - Jean-Sebastien Dea wins face-off versus Jackson Cates in neutral zone.
2:12 of 1st period - Snap shot by Jackson Cates.
2:12 of 1st period - Stopped by Arturs Silovs without a rebound.
2:13 of 1st period - Jackson Cates wins face-off versus Jean-Sebastien Dea in Drummondville Voltigeurs zone.
2:38 of 1st period - Slapshot by Kristian Reichel.
2:38 of 1st period - Stopped by Daniel Vladar with a rebound.
3:39 of 1st period - Wrist shot by Simon Holmstrom.
3:39 of 1st period - Shot Misses the Net.
4:09 of 1st period - Snap shot by Kevin Rooney.
4:09 of 1st period - Shot Misses the Net.
4:11 of 1st period - Snap shot by Jake Neighbours.
4:11 of 1st period - Deflect By Martin Chromiak.
4:11 of 1st period - Stopped by Daniel Vladar with a rebound.
4:47 of 1st period - Slapshot by Nils Hoglander.
4:47 of 1st period - Stopped by Arturs Silovs with a rebound.
4:49 of 1st period - Snap shot by Nils Hoglander.
4:49 of 1st period - Stopped by Arturs Silovs without a rebound.
4:50 of 1st period - Jean-Sebastien Dea wins face-off versus Jackson Cates in Drummondville Voltigeurs zone.
4:50 of 1st period - Jean-Sebastien Dea is hit by Jakub Galvas.
5:14 of 1st period - Markus Niemelainen is hit by Mitchell Stephens and loses puck.
5:39 of 1st period - Snap shot by Jake Neighbours.
5:39 of 1st period - Shot Misses the Net.
6:21 of 1st period - Lawrence Pilut is hit by Kristian Reichel and loses puck.
6:47 of 1st period - Jordan Harris is hit by Ville Heinola and loses puck.
7:08 of 1st period - Snap shot by Lukas Rousek.
7:08 of 1st period - Stopped by Arturs Silovs without a rebound.
7:09 of 1st period - Jean-Sebastien Dea wins face-off versus Jackson Cates in Drummondville Voltigeurs zone.
7:17 of 1st period - Icing by Saku Maenalanen.
7:18 of 1st period - Saku Maenalanen wins face-off versus Jean-Sebastien Dea in Chicago Wolves zone.
7:55 of 1st period - Wrist shot by Jean-Sebastien Dea.
7:55 of 1st period - Stopped by Daniel Vladar with a rebound.
7:57 of 1st period - Snap shot by Boris Katchouk.
7:57 of 1st period - Shot Misses the Net.
7:59 of 1st period - Wrist shot by Julien Gauthier.
7:59 of 1st period - Stopped by Daniel Vladar without a rebound.
8:00 of 1st period - Mitchell Stephens wins face-off versus Kevin Rooney in Chicago Wolves zone.
8:23 of 1st period - Minor Penalty to Markus Niemelainen for Tripping.
8:24 of 1st period - Tyson Foerster wins face-off versus Boris Katchouk in Drummondville Voltigeurs zone.
8:27 of 1st period - Wrist shot by Tyson Foerster.
8:27 of 1st period - Shot Misses the Net.
8:39 of 1st period - Snap shot by Tyson Foerster.
8:39 of 1st period - Shot Misses the Net.
9:28 of 1st period - Buddy Robinson is hit by Jake Neighbours and loses puck.
10:23 of 1st period - Penalty to Markus Niemelainen is over, Markus Niemelainen is back on ice.
10:37 of 1st period - Snap shot by Jean-Sebastien Dea.
10:37 of 1st period - Shot Misses the Net.
10:53 of 1st period - Snap shot by Saku Maenalanen.
10:53 of 1st period - Shot Misses the Net.
11:17 of 1st period - Lukas Rousek is hit by Sampo Ranta and loses puck.
11:52 of 1st period - Michal Teply is hit by Cavan Fitzgerald and loses puck.
12:46 of 1st period - Kevin Rooney is hit by Mitchell Stephens and loses puck.
12:59 of 1st period - Wrist shot by Jake Neighbours.
12:59 of 1st period - Shot Misses the Net.
14:04 of 1st period - Wrist shot by Nils Hoglander.
14:04 of 1st period - Stopped by Arturs Silovs without a rebound.
14:05 of 1st period - Gage Goncalves wins face-off versus Tyson Foerster in Drummondville Voltigeurs zone.
14:10 of 1st period - Wrist shot by Mitchell Chaffee.
14:10 of 1st period - Stopped by Daniel Vladar without a rebound.
14:11 of 1st period - Mitchell Stephens wins face-off versus Gage Goncalves in Chicago Wolves zone.
15:04 of 1st period - Lukas Rousek is hit by Kevin Rooney and loses puck.
15:37 of 1st period - Wrist shot by Valtteri Puustinen.
15:37 of 1st period - Stopped by Arturs Silovs with a rebound.
15:39 of 1st period - Slapshot by Buddy Robinson.
15:39 of 1st period - Stopped by Arturs Silovs without a rebound.
15:40 of 1st period - Jean-Sebastien Dea wins face-off versus Valtteri Puustinen in Drummondville Voltigeurs zone.
15:40 of 1st period - Jean-Sebastien Dea is hit by Santtu Kinnunen.
16:18 of 1st period - Markus Niemelainen is hit by Vasily Podkolzin.
17:17 of 1st period - Boris Katchouk is hit by Buddy Robinson and loses puck.
18:17 of 1st period - Slapshot by Simon Holmstrom.
18:17 of 1st period - Stopped by Daniel Vladar with a rebound.
18:19 of 1st period - Wrist shot by Michal Teply.
18:19 of 1st period - Stopped by Daniel Vladar without a rebound.
18:20 of 1st period - Jean-Sebastien Dea wins face-off versus Mitchell Stephens in Chicago Wolves zone.
19:04 of 1st period - Jakub Galvas is hit by Mitchell Chaffee and loses puck.
19:42 of 1st period - Jean-Sebastien Dea is hit by Cavan Fitzgerald.
19:54 of 1st period - Icing by Xavier Ouellet.
19:55 of 1st period - Tyson Foerster wins face-off versus Jean-Sebastien Dea in Drummondville Voltigeurs zone.
19:58 of 1st period - Snap shot by Tyson Foerster.
19:58 of 1st period - Shot Misses the Net.
Goals for this period are 0 for Drummondville Voltigeurs vs 2 for Chicago Wolves.
Shots for this period are 8 for Drummondville Voltigeurs vs 9 for Chicago Wolves.

2nd period


0:01 of 2nd period - Jean-Sebastien Dea wins face-off versus Tyson Foerster in neutral zone.
0:04 of 2nd period - Wrist shot by Boris Katchouk.
0:04 of 2nd period - Shot Misses the Net.
0:28 of 2nd period - Wrist shot by Valtteri Puustinen.
0:28 of 2nd period - Shot Blocked by Pierre-Olivier Joseph.
0:30 of 2nd period - Snap shot by Mitchell Stephens.
0:30 of 2nd period - Shot Hit the Post.
0:32 of 2nd period - Slapshot by Lawrence Pilut.
0:32 of 2nd period - Deflect By Mitchell Stephens.
0:32 of 2nd period - Deflect By Kevin Rooney.
0:32 of 2nd period - Shot Blocked by Martin Chromiak.
0:32 of 2nd period - Puck is out of play.
0:33 of 2nd period - Kevin Rooney wins face-off versus Jackson Cates in Drummondville Voltigeurs zone.
0:44 of 2nd period - Slapshot by Jake Neighbours.
0:44 of 2nd period - Goal by Jake Neighbours - Drummondville Voltigeurs : 1 - Chicago Wolves : 2.
0:45 of 2nd period - Jean-Sebastien Dea wins face-off versus C.J. Smith in neutral zone.
0:56 of 2nd period - Wrist shot by Julien Gauthier.
0:56 of 2nd period - Goal by Julien Gauthier - Drummondville Voltigeurs : 2 - Chicago Wolves : 2.
0:57 of 2nd period - Jean-Sebastien Dea wins face-off versus Valtteri Puustinen in neutral zone.
2:08 of 2nd period - Mitchell Chaffee is hit by William Lockwood and loses puck.
3:17 of 2nd period - Backhand shot by Gage Goncalves.
3:17 of 2nd period - Shot Misses the Net.
3:25 of 2nd period - Snap shot by Mitchell Chaffee.
3:25 of 2nd period - Shot Misses the Net.
3:39 of 2nd period - Backhand shot by William Lockwood.
3:39 of 2nd period - Shot Blocked by Gage Goncalves.
3:41 of 2nd period - Slapshot by Jackson Cates.
3:41 of 2nd period - Stopped by Arturs Silovs with a rebound.
3:43 of 2nd period - Snap shot by William Lockwood.
3:43 of 2nd period - Shot Misses the Net.
3:45 of 2nd period - Slapshot by Santtu Kinnunen.
3:45 of 2nd period - Stopped by Arturs Silovs without a rebound.
3:46 of 2nd period - C.J. Smith wins face-off versus Jean-Sebastien Dea in Drummondville Voltigeurs zone.
3:57 of 2nd period - Snap shot by Jordan Harris.
3:57 of 2nd period - Stopped by Arturs Silovs with a rebound.
3:59 of 2nd period - Slapshot by Jordan Harris.
3:59 of 2nd period - Stopped by Arturs Silovs with a rebound.
4:01 of 2nd period - Snap shot by Jordan Harris.
4:01 of 2nd period - Shot Hit the Post.
4:16 of 2nd period - Wrist shot by Jake Neighbours.
4:16 of 2nd period - Shot Misses the Net.
4:18 of 2nd period - Snap shot by Jake Neighbours.
4:18 of 2nd period - Goal by Jake Neighbours - Drummondville Voltigeurs : 3 - Chicago Wolves : 2.
4:19 of 2nd period - Mitchell Stephens wins face-off versus Jean-Sebastien Dea in neutral zone.
4:22 of 2nd period - Snap shot by Buddy Robinson.
4:22 of 2nd period - Stopped by Arturs Silovs without a rebound.
4:23 of 2nd period - Mitchell Stephens wins face-off versus Julien Gauthier in Drummondville Voltigeurs zone.
4:24 of 2nd period - Wrist shot by Buddy Robinson.
4:24 of 2nd period - Stopped by Arturs Silovs with a rebound.
4:26 of 2nd period - Snap shot by Buddy Robinson.
4:26 of 2nd period - Shot Blocked by Markus Niemelainen.
4:28 of 2nd period - Snap shot by Valtteri Puustinen.
4:28 of 2nd period - Stopped by Arturs Silovs with a rebound.
4:30 of 2nd period - Slapshot by Dean Stewart.
4:30 of 2nd period - Stopped by Arturs Silovs with a rebound.
4:32 of 2nd period - Slapshot by Buddy Robinson.
4:32 of 2nd period - Stopped by Arturs Silovs with a rebound.
4:59 of 2nd period - Jean-Sebastien Dea is hit by Valtteri Puustinen and loses puck.
5:11 of 2nd period - Minor Penalty to Pierre-Olivier Joseph for Holding.
5:12 of 2nd period - Tyson Foerster wins face-off versus Jean-Sebastien Dea in Drummondville Voltigeurs zone.
5:16 of 2nd period - Snap shot by Nils Hoglander.
5:16 of 2nd period - Shot Misses the Net.
5:52 of 2nd period - Icing by Cavan Fitzgerald.
5:53 of 2nd period - Tyson Foerster wins face-off versus Kevin Rooney in Chicago Wolves zone.
6:51 of 2nd period - Lawrence Pilut is hit by Gage Goncalves and loses puck.
7:11 of 2nd period - Penalty to Pierre-Olivier Joseph is over, Pierre-Olivier Joseph is back on ice.
7:21 of 2nd period - Snap shot by Kevin Rooney.
7:21 of 2nd period - Shot Misses the Net.
7:23 of 2nd period - Snap shot by Markus Niemelainen.
7:23 of 2nd period - Deflect By Simon Holmstrom.
7:23 of 2nd period - Shot Misses the Net.
7:23 of 2nd period - Puck is out of play.
7:24 of 2nd period - Kristian Reichel wins face-off versus C.J. Smith in Chicago Wolves zone.
7:31 of 2nd period - Ville Heinola is hit by Lukas Rousek.
7:35 of 2nd period - Snap shot by Lukas Rousek.
7:35 of 2nd period - Stopped by Arturs Silovs without a rebound.
7:36 of 2nd period - Tyson Foerster wins face-off versus Jean-Sebastien Dea in Drummondville Voltigeurs zone.
7:51 of 2nd period - Dean Stewart is hit by Ville Heinola and loses puck.
9:02 of 2nd period - Minor Penalty to Kristian Reichel for Hooking.
9:03 of 2nd period - Buddy Robinson wins face-off versus Jean-Sebastien Dea in Drummondville Voltigeurs zone.
9:16 of 2nd period - Snap shot by Mitchell Stephens.
9:16 of 2nd period - Goal by Mitchell Stephens - Drummondville Voltigeurs : 3 - Chicago Wolves : 3.
9:17 of 2nd period - C.J. Smith wins face-off versus Jean-Sebastien Dea in neutral zone.
9:28 of 2nd period - Slapshot by Markus Niemelainen.
9:28 of 2nd period - Shot Misses the Net.
10:05 of 2nd period - Sampo Ranta is hit by Dean Stewart and loses puck.
10:10 of 2nd period - Wrist shot by Mitchell Stephens.
10:10 of 2nd period - Shot Misses the Net.
10:12 of 2nd period - Wrist shot by Valtteri Puustinen.
10:12 of 2nd period - Goal by Valtteri Puustinen - Drummondville Voltigeurs : 3 - Chicago Wolves : 4.
10:13 of 2nd period - C.J. Smith wins face-off versus Jean-Sebastien Dea in neutral zone.
10:49 of 2nd period - Vasily Podkolzin is hit by Jake Neighbours and loses puck.
11:10 of 2nd period - Slapshot by Mitchell Chaffee.
11:10 of 2nd period - Shot Blocked by Lawrence Pilut.
11:17 of 2nd period - Icing by Lawrence Pilut.
11:18 of 2nd period - Jackson Cates wins face-off versus Kristian Reichel in Chicago Wolves zone.
11:26 of 2nd period - Wrist shot by Saku Maenalanen.
11:26 of 2nd period - Shot Misses the Net.
12:36 of 2nd period - Snap shot by Nils Hoglander.
12:36 of 2nd period - Stopped by Arturs Silovs with a rebound.
12:38 of 2nd period - Slapshot by Dean Stewart.
12:38 of 2nd period - Shot Blocked by Simon Nemec.
12:40 of 2nd period - Slapshot by Cavan Fitzgerald.
12:40 of 2nd period - Stopped by Arturs Silovs with a rebound.
13:42 of 2nd period - Snap shot by Simon Holmstrom.
13:42 of 2nd period - Shot Misses the Net.
13:44 of 2nd period - Backhand shot by Simon Holmstrom.
13:44 of 2nd period - Stopped by Daniel Vladar with a rebound.
13:46 of 2nd period - Snap shot by Kristian Reichel.
13:46 of 2nd period - Goal by Kristian Reichel - Drummondville Voltigeurs : 4 - Chicago Wolves : 4.
13:47 of 2nd period - Tyson Foerster wins face-off versus Boris Katchouk in neutral zone.
13:59 of 2nd period - Snap shot by Tyson Foerster.
13:59 of 2nd period - Stopped by Arturs Silovs without a rebound.
14:00 of 2nd period - Jean-Sebastien Dea wins face-off versus Vitali Kravtsov in Drummondville Voltigeurs zone.
14:09 of 2nd period - Slapshot by Boris Katchouk.
14:09 of 2nd period - Stopped by Daniel Vladar with a rebound.
14:11 of 2nd period - Slapshot by Pierre-Olivier Joseph.
14:11 of 2nd period - Stopped by Daniel Vladar with a rebound.
14:13 of 2nd period - Slapshot by Boris Katchouk.
14:13 of 2nd period - Shot Misses the Net.
14:15 of 2nd period - Slapshot by Julien Gauthier.
14:15 of 2nd period - Stopped by Daniel Vladar without a rebound.
14:16 of 2nd period - Mitchell Stephens wins face-off versus Jake Neighbours in Chicago Wolves zone.
14:50 of 2nd period - Slapshot by Vitali Kravtsov.
14:50 of 2nd period - Stopped by Arturs Silovs with a rebound.
14:56 of 2nd period - Slapshot by Markus Niemelainen.
14:56 of 2nd period - Shot Misses the Net.
14:58 of 2nd period - Snap shot by Kevin Rooney.
14:58 of 2nd period - Stopped by Daniel Vladar with a rebound.
15:00 of 2nd period - Snap shot by Kevin Rooney.
15:00 of 2nd period - Stopped by Daniel Vladar with a rebound.
15:02 of 2nd period - Slapshot by Markus Niemelainen.
15:02 of 2nd period - Deflect By Kevin Rooney.
15:02 of 2nd period - Shot Misses the Net.
15:02 of 2nd period - Puck is out of play.
15:03 of 2nd period - Tyson Foerster wins face-off versus Jean-Sebastien Dea in Chicago Wolves zone.
15:18 of 2nd period - Wrist shot by Simon Nemec.
15:18 of 2nd period - Deflect By Boris Katchouk.
15:18 of 2nd period - Shot Misses the Net.
15:18 of 2nd period - Puck is out of play.
15:19 of 2nd period - Mitchell Stephens wins face-off versus Mitchell Chaffee in Chicago Wolves zone.
15:44 of 2nd period - Ville Heinola is hit by Jordan Harris and loses puck.
16:22 of 2nd period - Minor Penalty to Jake Neighbours for Holding.
16:23 of 2nd period - Jean-Sebastien Dea wins face-off versus Mitchell Stephens in Drummondville Voltigeurs zone.
18:22 of 2nd period - Penalty to Jake Neighbours is over, Jake Neighbours is back on ice.
18:38 of 2nd period - Off-side.
18:39 of 2nd period - Kristian Reichel wins face-off versus C.J. Smith in neutral zone.
18:44 of 2nd period - Snap shot by Simon Holmstrom.
18:44 of 2nd period - Shot Blocked by Lukas Rousek.
19:05 of 2nd period - Michal Teply is hit by William Lockwood and loses puck.
19:14 of 2nd period - Wrist shot by Simon Holmstrom.
19:14 of 2nd period - Shot Blocked by Dean Stewart.
19:16 of 2nd period - Slapshot by Xavier Ouellet.
19:16 of 2nd period - Shot Blocked by William Lockwood.
19:18 of 2nd period - Slapshot by Xavier Ouellet.
19:18 of 2nd period - Stopped by Daniel Vladar with a rebound.
19:20 of 2nd period - Snap shot by Simon Holmstrom.
19:20 of 2nd period - Deflect By William Lockwood.
19:20 of 2nd period - Stopped by Daniel Vladar without a rebound.
19:21 of 2nd period - Mitchell Stephens wins face-off versus Kevin Rooney in Chicago Wolves zone.
19:56 of 2nd period - Pierre-Olivier Joseph is hit by Tyson Foerster and loses puck.
Goals for this period are 4 for Drummondville Voltigeurs vs 2 for Chicago Wolves.
Shots for this period are 12 for Drummondville Voltigeurs vs 16 for Chicago Wolves.

3rd period


0:01 of 3rd period - Nils Hoglander wins face-off versus Jean-Sebastien Dea in neutral zone.
0:16 of 3rd period - Slapshot by Vasily Podkolzin.
0:16 of 3rd period - Stopped by Arturs Silovs with a rebound.
0:18 of 3rd period - Minor Penalty to Pierre-Olivier Joseph for Hooking.
0:19 of 3rd period - Jean-Sebastien Dea wins face-off versus Valtteri Puustinen in Drummondville Voltigeurs zone.
0:34 of 3rd period - Wrist shot by Jean-Sebastien Dea.
0:34 of 3rd period - Shot Misses the Net.
0:46 of 3rd period - Cavan Fitzgerald is hit by Jake Neighbours and loses puck.
0:57 of 3rd period - Tyson Foerster is hit by Jean-Sebastien Dea and loses puck.
2:00 of 3rd period - Icing by Valtteri Puustinen.
2:01 of 3rd period - Gage Goncalves wins face-off versus Mitchell Stephens in Chicago Wolves zone.
2:18 of 3rd period - Penalty to Pierre-Olivier Joseph is over, Pierre-Olivier Joseph is back on ice.
2:48 of 3rd period - Slapshot by Dean Stewart.
2:48 of 3rd period - Deflect By Vitali Kravtsov.
2:48 of 3rd period - Shot Misses the Net.
2:48 of 3rd period - Puck is out of play.
2:49 of 3rd period - Mitchell Chaffee wins face-off versus C.J. Smith in Drummondville Voltigeurs zone.
2:56 of 3rd period - Slapshot by Mitchell Chaffee.
2:56 of 3rd period - Shot Hit the Post.
3:24 of 3rd period - Snap shot by Buddy Robinson.
3:24 of 3rd period - Shot Blocked by Pierre-Olivier Joseph.
4:13 of 3rd period - William Lockwood is hit by Kristian Reichel and loses puck.
4:47 of 3rd period - Wrist shot by Mitchell Chaffee.
4:47 of 3rd period - Shot Misses the Net.
5:29 of 3rd period - Slapshot by Markus Niemelainen.
5:29 of 3rd period - Deflect By Saku Maenalanen.
5:29 of 3rd period - Stopped by Daniel Vladar with a rebound.
5:47 of 3rd period - Snap shot by Simon Holmstrom.
5:47 of 3rd period - Stopped by Daniel Vladar with a rebound.
5:49 of 3rd period - Wrist shot by Michal Teply.
5:49 of 3rd period - Stopped by Daniel Vladar with a rebound.
6:29 of 3rd period - Icing by Cavan Fitzgerald.
6:30 of 3rd period - Jean-Sebastien Dea wins face-off versus Tyson Foerster in Chicago Wolves zone.
6:33 of 3rd period - Snap shot by Boris Katchouk.
6:33 of 3rd period - Stopped by Daniel Vladar with a rebound.
7:17 of 3rd period - Off-side.
7:18 of 3rd period - Michal Teply wins face-off versus Jackson Cates in neutral zone.
7:29 of 3rd period - Slapshot by Simon Holmstrom.
7:29 of 3rd period - Goal by Simon Holmstrom - Drummondville Voltigeurs : 5 - Chicago Wolves : 4.
7:30 of 3rd period - Jean-Sebastien Dea wins face-off versus C.J. Smith in neutral zone.
8:04 of 3rd period - Snap shot by Mitchell Stephens.
8:04 of 3rd period - Shot Misses the Net.
8:06 of 3rd period - Wrist shot by Valtteri Puustinen.
8:06 of 3rd period - Stopped by Arturs Silovs without a rebound.
8:07 of 3rd period - Jackson Cates wins face-off versus Gage Goncalves in Drummondville Voltigeurs zone.
8:08 of 3rd period - Backhand shot by William Lockwood.
8:08 of 3rd period - Shot Hit the Post.
8:32 of 3rd period - Boris Katchouk is hit by Tyson Foerster and loses puck.
8:53 of 3rd period - Santtu Kinnunen is hit by Pierre-Olivier Joseph and loses puck.
9:04 of 3rd period - Martin Chromiak is hit by Buddy Robinson and loses puck.
9:08 of 3rd period - Icing by Markus Niemelainen.
9:09 of 3rd period - Vitali Kravtsov wins face-off versus Kevin Rooney in Drummondville Voltigeurs zone.
9:39 of 3rd period - Wrist shot by Jake Neighbours.
9:39 of 3rd period - Stopped by Daniel Vladar without a rebound.
9:40 of 3rd period - Jean-Sebastien Dea wins face-off versus Nils Hoglander in Chicago Wolves zone.
9:45 of 3rd period - Slapshot by Julien Gauthier.
9:45 of 3rd period - Stopped by Daniel Vladar with a rebound.
9:47 of 3rd period - Slapshot by Simon Nemec.
9:47 of 3rd period - Deflect By Jean-Sebastien Dea.
9:47 of 3rd period - Stopped by Daniel Vladar with a rebound.
9:51 of 3rd period - Wrist shot by Julien Gauthier.
9:51 of 3rd period - Shot Misses the Net.
9:53 of 3rd period - Snap shot by Julien Gauthier.
9:53 of 3rd period - Shot Blocked by Cavan Fitzgerald.
10:57 of 3rd period - Slapshot by Mitchell Stephens.
10:57 of 3rd period - Stopped by Arturs Silovs without a rebound.
10:58 of 3rd period - Kevin Rooney wins face-off versus C.J. Smith in Drummondville Voltigeurs zone.
11:52 of 3rd period - Wrist shot by Mitchell Stephens.
11:52 of 3rd period - Stopped by Arturs Silovs with a rebound.
11:54 of 3rd period - Slapshot by Santtu Kinnunen.
11:54 of 3rd period - Shot Blocked by Markus Niemelainen.
11:56 of 3rd period - Wrist shot by Mitchell Stephens.
11:56 of 3rd period - Stopped by Arturs Silovs without a rebound.
11:57 of 3rd period - Mitchell Stephens wins face-off versus Kevin Rooney in Drummondville Voltigeurs zone.
12:03 of 3rd period - Slapshot by Mitchell Stephens.
12:03 of 3rd period - Shot Blocked by Pierre-Olivier Joseph.
12:05 of 3rd period - Wrist shot by Mitchell Stephens.
12:05 of 3rd period - Stopped by Arturs Silovs with a rebound.
12:07 of 3rd period - Slapshot by Cavan Fitzgerald.
12:07 of 3rd period - Stopped by Arturs Silovs without a rebound.
12:08 of 3rd period - Jean-Sebastien Dea wins face-off versus C.J. Smith in Drummondville Voltigeurs zone.
12:15 of 3rd period - Wrist shot by Jean-Sebastien Dea.
12:15 of 3rd period - Shot Misses the Net.
12:33 of 3rd period - Jake Neighbours is hit by Lawrence Pilut and loses puck.
12:56 of 3rd period - Snap shot by Tyson Foerster.
12:56 of 3rd period - Deflect By Vasily Podkolzin.
12:56 of 3rd period - Goal by Vasily Podkolzin - Drummondville Voltigeurs : 5 - Chicago Wolves : 5.
12:57 of 3rd period - Julien Gauthier wins face-off versus Mitchell Stephens in neutral zone.
13:08 of 3rd period - Snap shot by Valtteri Puustinen.
13:08 of 3rd period - Deflect By Mitchell Stephens.
13:08 of 3rd period - Stopped by Arturs Silovs with a rebound.
13:10 of 3rd period - Minor Penalty to Jean-Sebastien Dea for Roughing.
13:11 of 3rd period - Mitchell Stephens wins face-off versus Kevin Rooney in Drummondville Voltigeurs zone.
13:26 of 3rd period - Snap shot by Valtteri Puustinen.
13:26 of 3rd period - Stopped by Arturs Silovs with a rebound.
13:56 of 3rd period - Slapshot by Pierre-Olivier Joseph.
13:56 of 3rd period - Deflect By Gage Goncalves.
13:56 of 3rd period - Goal by Gage Goncalves - Drummondville Voltigeurs : 6 - Chicago Wolves : 5.
13:57 of 3rd period - Tyson Foerster wins face-off versus Kevin Rooney in neutral zone.
14:02 of 3rd period - Backhand shot by Vasily Podkolzin.
14:02 of 3rd period - Stopped by Arturs Silovs without a rebound.
14:03 of 3rd period - Kevin Rooney wins face-off versus Tyson Foerster in Drummondville Voltigeurs zone.
14:14 of 3rd period - Ville Heinola is hit by Tyson Foerster and loses puck.
15:10 of 3rd period - Penalty to Jean-Sebastien Dea is over, Jean-Sebastien Dea is back on ice.
15:58 of 3rd period - Wrist shot by Kristian Reichel.
15:58 of 3rd period - Shot Blocked by Cavan Fitzgerald.
17:15 of 3rd period - Snap shot by Mitchell Chaffee.
17:15 of 3rd period - Stopped by Daniel Vladar without a rebound.
17:16 of 3rd period - Jackson Cates wins face-off versus Sampo Ranta in Chicago Wolves zone.
17:16 of 3rd period - Jackson Cates is hit by Sampo Ranta.
17:28 of 3rd period - Wrist shot by Mitchell Chaffee.
17:28 of 3rd period - Shot Misses the Net.
18:11 of 3rd period - Santtu Kinnunen is hit by Jean-Sebastien Dea.
18:31 of 3rd period - Jake Neighbours is hit by Saku Maenalanen.
18:39 of 3rd period - Jakub Galvas is hit by Kevin Rooney and loses puck.
18:54 of 3rd period - Slapshot by Jakub Galvas.
18:54 of 3rd period - Deflect By Nils Hoglander.
18:54 of 3rd period - Shot Blocked by Simon Nemec.
18:54 of 3rd period - Puck is out of play.
18:55 of 3rd period - Alex Tanguay call a timeout for Chicago Wolves.
18:55 of 3rd period - Jean-Sebastien Dea wins face-off versus Tyson Foerster in Drummondville Voltigeurs zone.
19:08 of 3rd period - Chicago Wolves, Daniel Vladar is pulled from the net.
19:10 of 3rd period - Snap shot by Tyson Foerster.
19:10 of 3rd period - Shot Misses the Net.
19:12 of 3rd period - Backhand shot by Jordan Harris.
19:12 of 3rd period - Goal by Jordan Harris - Drummondville Voltigeurs : 6 - Chicago Wolves : 6.
19:12 of 3rd period - Daniel Vladar from Chicago Wolves was sent back in the game.
19:13 of 3rd period - C.J. Smith wins face-off versus Gage Goncalves in neutral zone.
19:28 of 3rd period - Snap shot by Gage Goncalves.
19:28 of 3rd period - Deflect By Sampo Ranta.
19:28 of 3rd period - Stopped by Daniel Vladar with a rebound.
19:38 of 3rd period - Cavan Fitzgerald is hit by Markus Niemelainen and loses puck.
19:43 of 3rd period - Wrist shot by Kevin Rooney.
19:43 of 3rd period - Shot Misses the Net.
19:45 of 3rd period - Backhand shot by Jake Neighbours.
19:45 of 3rd period - Stopped by Daniel Vladar without a rebound.
19:46 of 3rd period - Jackson Cates wins face-off versus Martin Chromiak in Chicago Wolves zone.
Goals for this period are 2 for Drummondville Voltigeurs vs 2 for Chicago Wolves.
Shots for this period are 12 for Drummondville Voltigeurs vs 12 for Chicago Wolves.

Overtime #1


0:01 of 1st overtime period - Jean-Sebastien Dea wins face-off versus Tyson Foerster in neutral zone.
0:06 of 1st overtime period - Slapshot by Pierre-Olivier Joseph.
0:06 of 1st overtime period - Stopped by Daniel Vladar with a rebound.
0:08 of 1st overtime period - Slapshot by Pierre-Olivier Joseph.
0:08 of 1st overtime period - Stopped by Daniel Vladar without a rebound.
0:09 of 1st overtime period - Tyson Foerster wins face-off versus Jean-Sebastien Dea in Chicago Wolves zone.
0:26 of 1st overtime period - Slapshot by Jean-Sebastien Dea.
0:26 of 1st overtime period - Stopped by Daniel Vladar without a rebound.
0:27 of 1st overtime period - Mitchell Stephens wins face-off versus Jean-Sebastien Dea in Chicago Wolves zone.
0:27 of 1st overtime period - Mitchell Stephens is hit by Boris Katchouk.
1:11 of 1st overtime period - Jake Neighbours is hit by Mitchell Stephens.
1:15 of 1st overtime period - Jordan Harris is hit by Jake Neighbours and loses puck.
2:01 of 1st overtime period - Icing by Tyson Foerster.
2:02 of 1st overtime period - Mitchell Stephens wins face-off versus Jean-Sebastien Dea in Chicago Wolves zone.
2:29 of 1st overtime period - Lawrence Pilut is hit by Kevin Rooney and loses puck.
3:00 of 1st overtime period - Snap shot by Kevin Rooney.
3:00 of 1st overtime period - Stopped by Daniel Vladar with a rebound.
Goals for this period are 0 for Drummondville Voltigeurs vs 0 for Chicago Wolves.
Shots for this period are 4 for Drummondville Voltigeurs vs 0 for Chicago Wolves.

ShootOut


5:00 of 1st overtime period - Round #1.
5:00 of 1st overtime period - Drummondville Voltigeurs, Boris Katchouk.
5:00 of 1st overtime period - Snap shot by Boris Katchouk.
5:00 of 1st overtime period - Goal by Boris Katchouk.
5:00 of 1st overtime period - Chicago Wolves, Nils Hoglander.
5:00 of 1st overtime period - Backhand shot by Nils Hoglander.
5:00 of 1st overtime period - Stopped by Arturs Silovs.
5:00 of 1st overtime period - Round #2.
5:00 of 1st overtime period - Drummondville Voltigeurs, Julien Gauthier.
5:00 of 1st overtime period - Backhand shot by Julien Gauthier.
5:00 of 1st overtime period - Stopped by Daniel Vladar.
5:00 of 1st overtime period - Chicago Wolves, Vasily Podkolzin.
5:00 of 1st overtime period - Snap shot by Vasily Podkolzin.
5:00 of 1st overtime period - Goal by Vasily Podkolzin.
5:00 of 1st overtime period - Round #3.
5:00 of 1st overtime period - Drummondville Voltigeurs, Jake Neighbours.
5:00 of 1st overtime period - Deke by Jake Neighbours.
5:00 of 1st overtime period - Shot Misses the Net.
5:00 of 1st overtime period - Chicago Wolves, Tyson Foerster.
5:00 of 1st overtime period - Wrist shot by Tyson Foerster.
5:00 of 1st overtime period - Goal by Tyson Foerster.